 Dungeon Crawl Stone Soup version 0.18.1-5-g4a78601 (webtiles) character file.

305 PossumBlood the Skirmisher (level 6, -4/51 HPs)
             Began as a Formicid Fighter on May 13, 2016.
             Slain by Menkaure (9 damage)
             ... on level 4 of the Dungeon.
             The game lasted 00:06:07 (2523 turns).

PossumBlood the Skirmisher (Formicid Fighter)       Turns: 2523, Time: 00:06:08

Health: -4/51      AC: 14    Str: 28    XL:     6   Next: 66%
Magic:  15/15      EV:  8    Int:  7    God:
Gold:   117        SH: 10    Dex: 10    Spells: 0 memorised, 5 levels left

rFire  . . .     SeeInvis +     a - +0 war axe
rCold  . . .     Gourm    .     l - +4 ring mail
rNeg   . . .     Faith    +     c - +0 shield
rPois  .         Spirit   .     (helmet unavailable)
rElec  .         Dismiss  .     r - +2 cloak
rCorr  .         Reflect  .     (no gloves)
SustAt .         Harm     .     q - +0 pair of boots
MR     .....                    s - amulet of faith
Stlth  ..........               (no ring)
                                b - ring of magical power

@: mighty, not resistant to hostile enchantments, extremely unstealthy
A: permanent stasis, dig shafts and tunnels, four strong arms, antennae 3
a: Dig, Shaft Self


You were on level 4 of the Dungeon.
You were not hungry.

You visited 1 branch of the dungeon, and saw 4 of its levels.

You collected 117 gold pieces.

Inventory:

Hand Weapons
 a - a +0 war axe (weapon)
Missiles
 w - 6 javelins (quivered)
Armour
 c - a +0 shield (worn)
 l - a +4 ring mail (worn)
 o - a +1 scale mail of cold resistance
 q - a +0 pair of boots (worn)
 r - a +2 cloak (worn)
Jewellery
 b - a ring of magical power (left hand)
 s - an amulet of faith (around neck)
Scrolls
 e - a scroll of fog
Potions
 g - 2 potions of mutation
 j - a potion of magic
 k - a potion of curing {unknown}
 p - a potion of flight {unknown}
 u - 2 potions of heal wounds {unknown}


   Skills:
 - Level 5.2 Fighting
 - Level 5.0 Axes
 * Level 3.8 Armour
 - Level 3.6 Shields


You had 5 spell levels left.
You didn't know any spells.

Dungeon Overview and Level Annotations

Branches:
Dungeon (4/15)
 Temple: D:4-7

Altars:
Elyvilon
Fedhas
Pakellas
Sif Muna
Xom

Shops:
D:3 }

Annotations:
D:4 Menkaure


Innate Abilities, Weirdness & Mutations

You are under a permanent stasis effect.
You can dig through walls and to a lower floor.
Your four strong arms can wield two-handed weapons with a shield.
You have a pair of large antennae on your head (SInv).


Message History

You hit Menkaure but do no damage.
Menkaure is moderately damaged.
You closely miss the giant newt. You block Menkaure's attack.
The giant newt closely misses you.
You hit Menkaure but do no damage.
Menkaure is moderately damaged.
You miss the crimson imp. You miss the giant newt. You block Menkaure's attack.
The crimson imp hits you but does no damage.
The giant newt barely misses you. Menkaure hits you.
You barely miss Menkaure.
Menkaure is moderately damaged.
You barely miss the crimson imp. You miss the giant newt.
The crimson imp hits you but does no damage.
You block the giant newt's attack. Menkaure hits you!
* * * LOW HITPOINT WARNING * * *
You are too injured to fight recklessly!
Drink which item? (? for menu, Esc to quit)
You feel very mighty all of a sudden. You block the crimson imp's attack.
Menkaure hits you!
You die...

...## #... #...
# # #.. # #.#
#.#...#
....#.#.#.#
#.#....l..#.#
#....>M@....#
........5......
.........?.....
...............
....[..#.......
....... .......
.<..... #.#..##
....?.. .#...


You could see Menkaure, a crimson imp and a giant newt.

Vanquished Creatures
  The ghost of kay3 the Insei, an amateur KoMo (D:3)
  Ijyb (D:3)
  Terence (D:2)
  4 adders
  4 oozes (D:1)
  3 worms (D:2)
  2 giant geckos (D:1)
  An orc (D:3)
  11 giant cockroaches
  7 goblins
  10 hobgoblins
  6 jackals
  5 kobolds
  2 quokkas (D:2)
  5 bats
  2 giant newts (D:3)
  A jackal zombie (D:3)
  14 rats
80 creatures vanquished.

Notes
Turn   | Place    | Note
--------------------------------------------------------------
     0 | D:1      | PossumBlood the Formicid Fighter began the quest for the Orb.
     0 | D:1      | Reached XP level 1. HP: 18/18 MP: 1/1
     1 | D:1      | Found a runed door.
    18 | D:1      | Reached XP level 2. HP: 19/25 MP: 2/2
    31 | D:1      | Reached XP level 3. HP: 17/31 MP: 3/3
   654 | D:1      | Reached skill level 5 in Fighting
   658 | D:1      | Reached XP level 4. HP: 33/39 MP: 4/4
  1220 | D:2      | Noticed Terence
  1230 | D:2      | Killed Terence
  1230 | D:2      | Reached XP level 5. HP: 36/44 MP: 5/5
  1480 | D:2      | Found a shimmering altar of Xom.
  1480 | D:2      | Found a deep blue altar of Sif Muna.
  1610 | D:3      | Noticed kay3's ghost (amateur KoMo)
  1641 | D:3      | Killed kay3's ghost
  1641 | D:3      | Reached XP level 6. HP: 10/51 MP: 6/6
  2022 | D:3      | Reached skill level 5 in Axes
  2084 | D:3      | Found a blossoming altar of Fedhas.
  2146 | D:3      | Noticed Ijyb
  2157 | D:3      | Killed Ijyb
  2183 | D:3      | Found a white marble altar of Elyvilon.
  2247 | D:3      | Found an oddly glowing altar of Pakellas.
  2247 | D:3      | Found Pakellas's Prime Provisions.
  2516 | D:4      | Noticed Menkaure
  2523 | D:4      | Slain by Menkaure

Skill      XL: |  1  2  3  4  5  6 |
---------------+-------------------+-----
Fighting       | 4 5 |  5.2
Axes           | 3 4 5 |  5.0
Armour         | |  3.8
Shields        | |  3.6

Action                   |  1- 3 |  4- 6 || total
-------------------------+-------+-------++-------
Melee: War axe           |    68 |   210 ||   278
  Use: Potion            |       |     2 ||     2
       Scroll            |       |     8 ||     8
  Eat: Bread ration      |       |     2 ||     2
Armor: Scale mail        |    36 |    39 ||    75
       Ring mail         |       |    73 ||    73
Dodge: Dodged            |    24 |    77 ||   101
Block: Shield            |    33 |   116 ||   149
